 Dungeon Crawl Stone Soup version 0.14-a0-1689-g99b8db2 (webtiles) character file.

537 Jenx the Ruffian (level 6, 0/59 HPs)
             Began as a Troll Monk on Dec 30, 2013.
             Was a Believer of Makhleb.
             Killed from afar by an orc wizard (6 damage)
             ... with a puff of flame
             ... on Level 5 of the Dungeon.
             The game lasted 00:11:46 (3913 turns).

Jenx the Ruffian (Troll Monk)                       Turns: 3913, Time: 00:11:47

HP   0/59        AC  7     Str 20      XL: 6   Next: 41%
MP   5/5         EV 10     Int  7      God: Makhleb [**....]
Gold 170         SH  0     Dex 13      Spells:  0 memorised,  5 levels left

rFire  . . .     SeeInvis .       - Unarmed
rCold  . . .     Clarity  .     a - +0 robe
rNeg   . . .     Conserve .     (shield restricted)
rPois  .         rCorr    .     (helmet restricted)
rElec  .         rRot     .     (no cloak)
SustAb . .       Spirit   .     (gloves unavailable)
rMut   .         Warding  .     (boots unavailable)
Gourm  +         Stasis   .     (no amulet)
                                (no ring)
                                c - +2 ring of protection

@: slightly resistant to hostile enchantments, unstealthy
A: unfitting armour, claws 3, fast metabolism 3, gourmand, regeneration 2,
saprovore 2, shaggy fur 1, tough skin 2
a: Minor Destruction, Renounce Religion


You were on level 5 of the Dungeon.
You worshipped Makhleb.
Makhleb was pleased with you.
You were completely stuffed.

You visited 2 branches of the dungeon, and saw 6 of its levels.

You collected 170 gold pieces.

Inventory:

Missiles
 o - 2 large rocks (quivered)
Armour
 a - a +0 robe (worn)
Comestibles
 b - 4 meat rations
 p - 4 bread rations
Scrolls
 d - 2 scrolls of curse jewellery {unknown}
 f - a scroll of enchant weapon II
 g - a scroll of teleportation {unknown}
 h - 2 scrolls of remove curse {unknown}
 j - 2 scrolls of fear {unknown}
 k - a scroll of amnesia {unknown}
 t - 2 scrolls of identify
 x - a scroll of curse weapon {unknown}
 z - a scroll of enchant armour {unknown}
Jewellery
 c - a +2 ring of protection (left claw)
 i - a +5 ring of dexterity {unknown}
Potions
 e - 3 potions of confusion {unknown}
 n - a potion of brilliance {unknown}
 q - 2 potions of mutation {unknown}
 s - a potion of poison {unknown}
 v - 2 potions of restore abilities {unknown}
 w - 2 potions of curing {unknown}


   Skills:
 - Level 2.4 Fighting
 - Level 2.4 Dodging
 - Level 1.1 Stealth
 - Level 7.1 Unarmed Combat
 + Level 2.6 Invocations


You had 5 spell levels left.
You didn't know any spells.

Dungeon Overview and Level Annotations

Branches:
Dungeon (5/16)             Temple (1/1) D:4

Altars:
Ashenzari
Cheibriados
Elyvilon
Fedhas
Kikubaaqudgha
Makhleb
Okawaru
Trog
Vehumet
Yredelemnul
Zin
the Shining One


Innate Abilities, Weirdness & Mutations

You are too large for most types of armour.
You have claws for hands.
Your metabolism is lightning-fast.
You like to eat raw meat.
You heal very quickly.
You can eat rotten meat.
You are covered in fur (AC +1).
You have very tough skin (AC +2).


Message History

The orc hits you with an orcish dagger.
* * * LOW HITPOINT WARNING * * *
The orc wizard hits you with an orcish dagger.
* * * LOW HITPOINT WARNING * * *
Throwing (i - inventory):
o - 3 large rocks (quivered)
Press: ? - help, Shift-Dir - straight line, f - orc wizard
Aim: an orc wizard, wielding an orcish dagger and wearing an orcish robe (moderately wounded, bleeding)
You throw a large rock. The large rock misses the orc wizard.
The orc hits you but does no damage.
The orc wizard hits you but does no damage.
You barely miss the orc wizard.
The orc wizard is moderately wounded.
The orc hits you but does no damage.
The orc wizard hits you but does no damage.
You hit the orc wizard but do no damage.
The orc wizard is moderately wounded.
The orc hits you but does no damage.
The orc wizard points at you and mumbles some strange words.
The puff of flame hits you!
You die...

##.........# #..#......###
####....<.#....# .
...........#....# ..#
...#....#.#....###... ..
#..###.#.###...#
.#####.<###.#.......#...#
........(................
(....s.)@................
###.#...#.o#o..############
..............#
###.##(........#
..................
#.#...######..(# #.....#
#... #.o.### #.. #..o#


You could see a scorpion, an orc wizard (bleeding) and an orc.

Vanquished Creatures
  An orc priest (D:5)
  An orc wizard (D:4)
  6 worker ants
  6 adders
  3 worms
  2 giant geckos
  An ooze (D:3)
  2 orcs
  2 ball pythons
  4 giant cockroaches
  12 hobgoblins
  13 kobolds
  3 quokkas
  9 bats
  6 giant newts
  12 goblins
  A goblin skeleton (D:4)
  10 jackals
  A jackal skeleton (D:4)
  An orc skeleton (D:4)
  A quokka skeleton (D:4)
  12 rats
109 creatures vanquished.

Notes
Turn   | Place    | Note
--------------------------------------------------------------
     0 | D:1      | Jenx, the Troll Monk, began the quest for the Orb.
     0 | D:1      | Reached XP level 1. HP: 22/22 MP: 1/1
   209 | D:1      | Reached XP level 2. HP: 29/29 MP: 1/1
   919 | D:2      | Reached skill level 5 in Unarmed Combat
   922 | D:2      | Reached XP level 3. HP: 27/36 MP: 2/2
  1813 | D:2      | Reached XP level 4. HP: 44/44 MP: 2/2
  2009 | D:3      | Found a shattered altar of Ashenzari.
  2220 | D:3      | Reached skill level 6 in Unarmed Combat
  2525 | D:4      | Reached XP level 5. HP: 43/50 MP: 2/2
  2709 | D:4      | Found a snail-covered altar of Cheibriados.
  2778 | D:4      | Reached skill level 7 in Unarmed Combat
  2896 | D:4      | Found a bloodstained altar of Trog.
  3058 | D:4      | Found a staircase to the Ecumenical Temple.
  3068 | Temple   | Entered the Ecumenical Temple
  3256 | Temple   | Became a worshipper of Makhleb the Destroyer
  3256 | Temple   | Acquired Makhleb's first power
  3256 | Temple   | Acquired Makhleb's second power
  3328 | D:4      | Reached skill level 1 in Invocations
  3565 | D:4      | Reached XP level 6. HP: 59/59 MP: 2/4
  3628 | D:5      | Entered Level 5 of the Dungeon
  3913 | D:5      | Killed from afar by an orc wizard

Action                   |  1- 3 |  4- 6 || total
-------------------------+-------+-------++-------
Melee: Unarmed           |   101 |   170 ||   271
Throw: Large rock        |       |     3 ||     3
       Javelin           |       |     1 ||     1
  Use: Scroll            |       |     5 ||     5
 Stab: Sleeping          |     1 |       ||     1
